 Dungeon Crawl Stone Soup version 0.30-a0-986-g7f2e898f52 (webtiles) character file.

Game seed: 4371093105179579380

1173 Grim the Cleaver (level 8, -7/64 HPs)
             Began as a Minotaur Fighter on Apr 2, 2023.
             Was an Initiate of Gozag.
             Mangled by an orc warrior
             ... wielding a +0 battleaxe
              (18 damage)
             ... on level 6 of the Dungeon.
             The game lasted 00:08:33 (5075 turns).

Grim the Cleaver (Minotaur Fighter)                 Turns: 5075, Time: 00:08:34

Health: -7/64      AC: 11    Str: 30    XL:     8   Next: 18%
Magic:  7/7        EV:  9    Int:  5    God:    Gozag
Gold:   476        SH:  4    Dex:  9    Spells: 7/7 levels left

rFire   + . .      SeeInvis .    a - +0 war axe
rCold   . . .      Faith    .    c - +0 buckler
rNeg    . . .      Spirit   .    z - +3 scale mail
rPois   .          Reflect  .    (helmet restricted)
rElec   .          Rampage  .    p - +0 cloak
rCorr   .                        (no gloves)
Will    .....                    (no boots) Stlth
                                 (no amulet)
HPRegen 0.30/turn                C - ring of protection from fire
MPRegen 0.10/turn                D - +6 ring of strength

@: mighty
A: horns 2, retaliatory headbutt
a: Renounce Religion, Potion Petition, Call Merchant, Bribe Branch


You were on level 6 of the Dungeon.
You worshipped Gozag.
Gozag was aware of your devotion.
You visited 1 branch of the dungeon, and saw 6 of its levels.

You collected 521 gold pieces.
You paid 45 gold pieces to Gozag.

Inventory:

Hand Weapons
 a - a +0 war axe (weapon)
Missiles
 L - 2 throwing nets (quivered)
Armour
 c - a +0 buckler (worn)
 p - a +0 cloak (worn)
 z - a +3 scale mail (worn)
 G - a +0 plate armour
Jewellery
 C - a ring of protection from fire (left hand)
 D - a +6 ring of strength (right hand)
Wands
 y - a wand of polymorph (6)
 B - a wand of paralysis (9)
 H - a wand of flame (18)
Scrolls
 e - 2 scrolls of noise {unknown}
 f - a scroll of amnesia {unknown}
 g - 4 scrolls of enchant weapon {unknown}
 h - a scroll of fear {unknown}
 i - 6 scrolls of identify {unknown}
 j - 3 scrolls of magic mapping {unknown}
 m - a scroll of enchant armour {unknown}
 n - 4 scrolls of teleportation {unknown}
 o - a scroll of poison {unknown}
 q - 2 scrolls of acquirement {unknown}
 r - a scroll of vulnerability {unknown}
 t - a scroll of brand weapon {unknown}
 u - 3 scrolls of blinking {unknown}
 A - a scroll of immolation {unknown}
 I - a scroll of fog {unknown}
Potions
 b - a potion of ambrosia {unknown}
 d - a potion of might
 k - 2 potions of curing {unknown}
 l - a potion of degeneration {unknown}
 s - a potion of heal wounds {unknown}
 v - a potion of invisibility {unknown}
 w - 2 potions of attraction {unknown}
 x - 2 potions of flight {unknown}
 E - a potion of cancellation {unknown}
 F - a potion of berserk rage {unknown}
 J - a potion of mutation {unknown}
 K - a potion of lignification {unknown}


   Skills:
 - Level 3.6 Fighting
 + Level 11.8 Axes
 - Level 3.6 Armour
 - Level 3.6 Shields


You had 7 spell levels left.
You didn't know any spells.
Your spell library contained the following spells:

 Spells                   Type           Power      Damage    Failure   Level
 Sting                    Tmut/Pois      0%         1d3       82%         1
 Blink                    Tloc           0%         N/A       91%         2
 Cigotuvi's Dreadful Rot  Necr/Pois/Air  0%         N/A       91%         2
 Lesser Beckoning         Tloc           0%         N/A       91%         2
 Momentum Strike          Conj/Tloc      0%         3d8       91%         2
 Poisonous Vapours        Pois/Air       0%         N/A       91%         2
 Mephitic Cloud           Conj/Pois/Air  0%         N/A       99%         3
 Airstrike                Air            0%         2d(0-16)  100%        4
 Olgreb's Toxic Radiance  Pois           0%         N/A       100%        4
 Summon Lightning Spire   Summ/Air       0%         N/A       100%        4
 Plasma Beam              Fire/Air       0%         2x1d7     100%        5


Dungeon Overview and Level Annotations

Branches:
Dungeon (6/15)
 Temple: D:4-7

Altars:
Dithmenos
Gozag
Nemelex Xobeh
Okawaru
Sif Muna

Shops:
D:3 :   D:6 [


Innate Abilities, Weirdness & Mutations

You have a pair of horns on your head.
You reflexively headbutt those who attack you in melee.


Message History

An orc warrior is nearby!
An orc comes into view.
It is wielding a +2 short sword of venom.
An orc comes into view. It is wielding a +0 dagger.
An orc comes into view. It is wielding a +0 trident.
The orc shouts!
You closely miss the orc warrior.
The orc warrior hits you with a +0 battleaxe.
The orc priest mumbles some strange prayers to Beogh against you.
Pain shoots through your body!
You closely miss the orc warrior. You block the orc warrior's attack.
You barely miss the orc priest. You closely miss the orc warrior.
The orc priest invokes the aid of Beogh against you.
Pain shoots through your body!
* * * LOW HITPOINT WARNING * * *
The orc warrior hits you with a +0 battleaxe.
* * * LOW HITPOINT WARNING * * *
You hit the orc priest.
The orc priest is lightly wounded.
You barely miss the orc warrior. The orc priest barely misses you.
You furiously retaliate!
You headbutt the orc priest.
The orc warrior hits you with a +0 battleaxe!
* * * LOW HITPOINT WARNING * * *
Unknown command.
You hit the orc warrior.
The orc warrior is lightly wounded.
You closely miss the orc priest.
The orc warrior hits you with a +0 battleaxe.
* * * LOW HITPOINT WARNING * * *
The orc priest hits you with a +0 flail.
* * * LOW HITPOINT WARNING * * *
You feel very mighty all of a sudden.
The orc warrior hits you with a +0 battleaxe!
* * * LOW HITPOINT WARNING * * *
The orc priest hits you but does no damage.
You closely miss the orc warrior.
The orc warrior is lightly wounded.
You slash the orc priest!
The orc warrior hits you with a +0 battleaxe!!
You die...
Your body crumbles into a pile of gold.

..# #...# #..# ## #..#
#. ..# #. #.# ##### #.
#.######...# #.
#######o.......#.######.
...oooo@................
.######################.
#. #. #. ##


You could see an orc warrior, an orc priest and 3 orcs.

Vanquished Creatures
  Eustachio (D:5)
  A black bear (D:2)
  A sky beast (D:6)
  2 phantoms
  Blork the orc (D:6)
  A bullfrog (D:6)
  A scorpion (D:4)
  2 jellies
  A gnoll bouda (D:6)
  A hound (D:6)
  2 orc wizards (D:5)
  2 sleepcaps
  5 adders
  11 gnolls
  A shadow imp (D:6)
  2 ufetubi (D:5)
  A worm (D:2)
  2 dart slugs
  28 orcs
  8 ball pythons
  5 bats
  4 endoplasms
  A giant cockroach (D:1)
  7 goblins
  5 hobgoblins
  4 jackals (D:1)
  4 quokkas
  2 frilled lizards
  9 kobolds
  3 rats (D:2)
118 creatures vanquished.

Notes
Turn   | Place    | Note
-------+----------+-------------------------------------------
     0 | D:1      | Grim the Minotaur Fighter began the quest for the Orb.
     0 | D:1      | Reached XP level 1. HP: 19/19 MP: 0/0
    36 | D:1      | Reached skill level 3 in Axes
    94 | D:1      | Reached XP level 2. HP: 22/26 MP: 1/1
   474 | D:1      | Reached skill level 4 in Axes
   479 | D:1      | Found a faded altar of an unknown god.
  1027 | D:2      | Noticed a black bear
  1035 | D:2      | Killed a black bear
  1036 | D:2      | Reached skill level 6 in Axes
  1036 | D:2      | Reached XP level 3. HP: 15/31 MP: 2/2
  1036 | D:2      | Reached XP level 4. HP: 19/39 MP: 3/3
  1524 | D:2      | Reached XP level 5. HP: 45/45 MP: 4/4
  1707 | D:2      | Found an iron altar of Okawaru.
  2212 | D:3      | Found Abygurig's Vocational Training.
  2234 | D:3      | Reached skill level 7 in Axes
  3070 | D:4      | Noticed a phantom
  3081 | D:4      | Killed a phantom
  3082 | D:4      | Reached skill level 8 in Axes
  3082 | D:4      | Reached XP level 6. HP: 51/51 MP: 5/5
  3276 | D:4      | Found an opulent altar of Gozag.
  3307 | D:4      | Became a worshipper of Gozag Ym Sagoz the Greedy
  3683 | D:4      | Found a sparkling altar of Nemelex Xobeh.
  3707 | D:4      | You fall into a shaft and drop 1 floor!
  3707 | D:5      | Entered Level 5 of the Dungeon
  3770 | D:5      | Found a shadowy altar of Dithmenos.
  3770 | D:5      | Found a shimmering blue altar of Sif Muna.
  3956 | D:5      | Noticed Eustachio
  3973 | D:5      | Killed Eustachio
  3974 | D:5      | Reached skill level 9 in Axes
  3974 | D:5      | Reached XP level 7. HP: 54/57 MP: 6/6
  4426 | D:5      | Reached skill level 10 in Axes
  4856 | D:6      | Noticed Blork the orc
  4868 | D:6      | Killed Blork the orc
  4869 | D:6      | Reached skill level 11 in Axes
  4912 | D:6      | Reached XP level 8. HP: 62/64 MP: 7/7
  4989 | D:6      | Found Pyriroadgh's Armour Emporium.
  5075 | D:6      | Mangled by an orc warrior

Illustrated notes

Levels and vault maps discovered:
D:1:      grunt_arrival_lava_bath, layout_basic,
          nicolae_ecumenical_snake_handling
D:2:      layout_basic, basic_altar
D:3:      wander_river, layout_basic, nicolae_shop_vocational
D:4:      layout_basic, nicolae_overflow_crystal_walls, marbit_many_paths
D:5:      layout_loops_ring, mainiacjoe_overflow_catwalk_spiral, uniq_eustachio
D:6:      layout_loops_ring, serial_shops, nicolae_shop_trees,
          uniq_blork_the_orc

Skill      XL: |  1  2  3  4  5  6  7 |
---------------+----------------------+-----
Axes           | 3 6 8 9 11 | 11.8
Fighting       | |  3.6
Armour         | |  3.6
Shields        | |  3.6

Action                     |  1- 3 |  4- 6 |  7- 9 || total
---------------------------+-------+-------+-------++-------
  Melee: War axe           |    50 |   151 |    87 ||   288
         Headbutt          |     8 |    17 |    16 ||    41
    Use: Potion            |     1 |       |     1 ||     2
 Armour: Scale mail        |    31 |    54 |    40 ||   125
  Dodge: Dodged            |    28 |    60 |    34 ||   122
  Block: Buckler           |    17 |    32 |    20 ||    69

Table legend: (Time is in decaauts)
 A = Elapsed time spent in this place.
 B = Non-inter-level travel time spent in this place.
 C = Inter-level travel time spent in this place.
 D = Time resting spent in this place.
 E = Time spent auto-exploring this place.
 F = Levels seen in this place.
 G = Mean time per level.
                   A        B        C        D        E       F      G
               +--------+--------+--------+--------+--------+-----+--------+
         Total |   5121 |   5016 |    105 |    237 |   3901 |   6 |  853.5 |
       Dungeon |   5121 |   5016 |    105 |    237 |   3901 |   6 |  853.5 |
               +--------+--------+--------+--------+--------+-----+--------+

Top non-repeatable levels by time:
     D:2: 1039 daAuts
     D:1: 1030 daAuts
     D:3: 947 daAuts
     D:5: 944 daAuts
     D:4: 733 daAuts
     D:6: 425 daAuts
